 Dungeon Crawl Stone Soup version 0.27-a0-1291-geefcff550b (webtiles) character file.

Game seed: 15517409171138891971

477 karkarkar the Chopper (level 6, -1/56 HPs)
             Began as a Minotaur Berserker on June 15, 2021.
             Was a Believer of Trog.
             Killed by divine providence
             ... invoked by an orc priest
              (9 damage)
             ... on level 5 of the Dungeon.
             The game lasted 00:08:01 (4405 turns).

karkarkar the Chopper (Minotaur Berserker)          Turns: 4405, Time: 00:08:02

Health: -1/56      AC:  9    Str: 23    XL:     6   Next: 85%
Magic:  5/5        EV:  9    Int:  4    God:    Trog [**....]
Gold:   152        SH:  0    Dex: 10    Spells: 5/5 levels left

rFire    . . .     SeeInvis .   a - +0 hand axe
rCold    . . .     Faith    .   (no shield)
rNeg     + . .     Spirit   .   n - +0 chain mail
rPois    .         Reflect  .   q - +0 hat
rElec    .         Harm     .   (no cloak)
rCorr    .         Rampage  .   (no gloves)
Will     ++...                  (no boots)
Stlth    ..........             (no amulet)
HPRegen  1.18/turn              i - ring of positive energy
MPRegen  0.09/turn              (no ring)

@: strong-willed, regenerating
A: horns 2, retaliatory headbutt
a: Renounce Religion, Berserk, Trog's Hand


You were on level 5 of the Dungeon.
You worshipped Trog.
Trog was pleased with you.
You visited 1 branch of the dungeon, and saw 5 of its levels.

You collected 152 gold pieces.

Inventory:

Hand Weapons
 a - a +0 hand axe (weapon)
Armour
 n - a +0 chain mail (worn)
 q - a +0 hat (worn)
Jewellery
 i - a ring of positive energy (left hand)
Scrolls
 b - 2 scrolls of fog
 e - a scroll of teleportation
 h - a scroll of enchant weapon
 j - a scroll of enchant armour
 k - a scroll of noise
 l - a scroll of torment {unknown}
 m - a scroll of magic mapping {unknown}
Potions
 c - a potion of lignification
 f - a potion of mutation {unknown}
 g - a potion of berserk rage {unknown}
 o - a potion of flight
 p - a potion of heal wounds {unknown}
 r - a potion of brilliance {unknown}


   Skills:
 + Level 5.2 Fighting
 + Level 6.7 Axes
 + Level 5.1 Armour
 + Level 3.0 Dodging
 + Level 0.5 Stealth


You had 5 spell levels left.
You didn't know any spells.
Your spell library was empty.

Dungeon Overview and Level Annotations

Branches:
Dungeon (5/15)             Temple (0/1) D:4

Altars:
Ashenzari
Fedhas
Okawaru
Qazlal

Shops:
D:4 (


Innate Abilities, Weirdness & Mutations

You have a pair of horns on your head.
You reflexively headbutt those who attack you in melee.


Message History

The orc throws a boomerang of dispersal.
The boomerang of dispersal hits you but does no damage.
The orc hits you but does no damage.
You hear some strange, mumbled words.
A magic dart appears from out of thin air!
The magic dart hits you.
* * * LOW HITPOINT WARNING * * *
The orc hits you with a +0 mace.
* * * LOW HITPOINT WARNING * * *
Your skin crawls.
You feel strong-willed.
The bullfrog skeleton hits you but does no damage.
The orc hits you with a +0 whip.
* * * LOW HITPOINT WARNING * * *
You hear some strange, mumbled words.
A puff of flame appears from out of thin air!
The puff of flame misses you. The orc hits you but does no damage.
You hit something. Your headbutt misses something.
You hit the orc but do no damage. You hit the bullfrog skeleton.
Your chain mail prevents you from hitting the orc.
The bullfrog skeleton barely misses you.
The orc hits you but does no damage. Something hits you.
* * * LOW HITPOINT WARNING * * *
You miss something. Your headbutt misses something.
You hit the orc but do no damage. You hit the orc. You barely miss the orc.
The orc hits you with a +0 whip.
* * * LOW HITPOINT WARNING * * *
The orc priest calls upon Beogh to heal the orc.
The orc's wounds heal themselves!
Something hits you but does no damage.
You hit something.
Your chain mail prevents you from hitting the orc.
You hit the orc but do no damage. x2; The orc completely misses you.
The orc hits you with a +0 club.
* * * LOW HITPOINT WARNING * * *
The orc hits you but does no damage.
You hear some strange, mumbled words.
Something tries to affect you, but you resist.
The orc priest calls down the wrath of Beogh upon you.
Beogh smites you!
You die...

### ..# .. ## .. .# #.##
.### .. .#.#..... # ..#
.###..[.#..#.. ####.##.#
.##....... #..
......{@##.##.#....###..
.....ooooo......#.......
.......Zo...#.###.......
..........#.#.###.......
.............)#>........
.............)..#.......
.....>....#..####.......
.........#....# #.......
........#...#.# #.......


You could see an orc priest, 5 orcs and a bullfrog skeleton.

Vanquished Creatures
  An ogre (D:3)
  Blork the orc (D:4)
  A centaur zombie (D:5)
  An orc priest (D:5)
  A bullfrog skeleton (D:4)
  Jessica (D:3)
  An orc wizard (D:5)
  10 adders
  An ufetubus (D:5)
  3 dart slugs
  5 orcs
  5 ball pythons
  12 endoplasms
  4 giant cockroaches (D:3)
  2 goblins
  4 hobgoblins
  3 quokkas
  6 bats
  4 frilled lizards (D:1)
  9 kobolds
  8 rats
83 creatures vanquished.

Vanquished Creatures (others)
  13 plants
13 creatures vanquished.

Grand Total: 96 creatures vanquished

Notes
Turn   | Place    | Note
-------+----------+-------------------------------------------
     0 | D:1      | karkarkar the Minotaur Berserker began the quest for the
                  | Orb.
     0 | D:1      | Reached XP level 1. HP: 19/19 MP: 0/0
   160 | D:1      | Reached XP level 2. HP: 27/27 MP: 1/1
   190 | D:1      | Reached skill level 4 in Axes
   775 | D:1      | Reached XP level 3. HP: 34/34 MP: 2/2
  1158 | D:2      | Reached ** piety under Trog
  1716 | D:2      | Found a faded altar of an unknown god.
  1745 | D:2      | Reached XP level 4. HP: 41/41 MP: 3/3
  2101 | D:3      | Noticed Jessica
  2120 | D:3      | Killed Jessica
  2121 | D:3      | Reached skill level 5 in Axes
  2409 | D:3      | Found a blossoming altar of Fedhas.
  2491 | D:3      | Noticed an ogre
  2499 | D:3      | Killed an ogre
  2500 | D:3      | Reached XP level 5. HP: 47/47 MP: 4/4
  2789 | D:3      | Found a stormy altar of Qazlal.
  2933 | D:3      | Reached skill level 6 in Axes
  3526 | D:4      | Reached XP level 6. HP: 44/55 MP: 5/5
  3625 | D:4      | Found an iron altar of Okawaru.
  3630 | D:4      | Reached skill level 5 in Fighting
  3685 | D:4      | Noticed Blork the orc
  3701 | D:4      | Killed Blork the orc
  3880 | D:4      | Found a broken altar of Ashenzari.
  3969 | D:4      | Found a staircase to the Ecumenical Temple.
  4011 | D:4      | Found Tokhlyos's Weapon Boutique.
  4088 | D:4      | Reached *** piety under Trog
  4312 | D:5      | Entered Level 5 of the Dungeon
  4390 | D:5      | Reached skill level 5 in Armour
  4405 | D:5      | Killed from afar by an orc priest

Illustrated notes

Levels and vault maps discovered:
D:1:      scummos_arrival_checkerplants, layout_loops_ring
D:2:      layout_loops_ring, chequers_ecumenical_altar_simple_redux
D:3:      minmay_razor_zed, layout_basic, fedhas_altar_2,
          nicolae_qazlal_general_emergency, kennysheep_cross_room,
          serial_bayou_lake_a, uniq_jessica
D:4:      layout_cave_pools, nicolae_ashenzari_panopticon, lemuel_doored_altar,
          minmay_temple_entry_glass, serial_shops, shop, serial_bayou_pond_c,
          uniq_blork_the_orc
D:5:      layout_rooms, old_standard_altar, lemuel_coloured_pillars_altar,
          jmf_multi_god_temple2, lemuel_tele_altar,
          lightli_ossuary_entry_decrepit_ruins, uniq_duvessa

Skill      XL: |  1  2  3  4  5  6 |
---------------+-------------------+-----
Fighting       | 4 5 |  5.2
Axes           | 4 5 6 |  6.7
Armour         | 3 4 5 |  5.1
Dodging        | 3 |  3.0
Stealth        | |  0.5

Action                   |  1- 3 |  4- 6 || total
-------------------------+-------+-------++-------
Melee: Hand axe          |    86 |   143 ||   229
       Headbutt          |    13 |    20 ||    33
Invok: Trog's Hand       |       |     5 ||     5
       Berserk           |       |     2 ||     2
  Use: Scroll            |       |     5 ||     5
       Potion            |       |     4 ||     4
 Stab: Sleeping          |     1 |       ||     1
Armor: Animal skin       |     6 |       ||     6
       Ring mail         |    17 |     8 ||    25
       Chain mail        |       |    69 ||    69
Dodge: Dodged            |    39 |    69 ||   108

Table legend: (Time is in decaauts)
 A = Elapsed time spent in this place.
 B = Non-inter-level travel time spent in this place.
 C = Inter-level travel time spent in this place.
 D = Time resting spent in this place.
 E = Time spent auto-exploring this place.
 F = Levels seen in this place.
 G = Mean time per level.
                   A        B        C        D        E       F      G
               +--------+--------+--------+--------+--------+-----+--------+
         Total |   4479 |   4434 |     45 |    306 |   3328 |   5 |  895.8 |
       Dungeon |   4479 |   4434 |     45 |    306 |   3328 |   5 |  895.8 |
               +--------+--------+--------+--------+--------+-----+--------+

Top non-repeatable levels by time:
     D:3: 1534 daAuts
     D:1: 1140 daAuts
     D:4: 882 daAuts
     D:2: 830 daAuts
     D:5: 92 daAuts
